 Dungeon Crawl Stone Soup version 0.22.0-38-g04b72b8 (webtiles) character file.

101 HallandMoats the Insei (level 4, -1/33 HPs)
             Began as an Octopode Monk on Aug 30, 2018.
             Slain by a gnoll
             ... wielding a +0 whip
              (11 damage)
             ... on level 2 of the Dungeon.
             The game lasted 00:01:50 (1853 turns).

HallandMoats the Insei (Octopode Monk)              Turns: 1853, Time: 00:01:51

Health: -1/33      AC:  1    Str: 13    XL:     4   Next: 75%
Magic:  4/4        EV: 15    Int: 12    God:
Gold:   102        SH:  0    Dex: 14    Spells: 3/3 levels left

rFire    . . .     SeeInvis .     - Unarmed
rCold    . . .     Gourm    +   (no shield)
rNeg     . . .     Faith    .   (helmet restricted)
rPois    .         Spirit   .   d - amulet of the gourmand
rElec    .         Reflect  .   (no ring)
rCorr    .         Harm     .   l - +2 ring of strength
MR       .....                  (no ring)
Stlth    +++.......             (no ring)
HPRegen  0.11/turn              (no ring)
MPRegen  0.09/turn              (no ring)
                                (no ring)
                                (no ring)

@: no status effects
A: almost no armour, stealthy swim, amphibious, 8 rings, constrict 8, camouflage
1, gelatinous body 1
a: no special abilities


You were on level 2 of the Dungeon.
You were not hungry.

You visited 1 branch of the dungeon, and saw 2 of its levels.

You collected 102 gold pieces.

Inventory:

Jewellery
 d - an amulet of the gourmand (around mantle)
 e - an uncursed ring of magical power {unknown}
 l - a +2 ring of strength (right tentacle)
Scrolls
 i - a scroll of enchant weapon {unknown}
Potions
 b - 2 potions of heal wounds
 c - a potion of ambrosia {unknown}
 g - a potion of curing {unknown}
 h - a potion of lignification {unknown}
Comestibles
 a - 5 rations


   Skills:
 * Level 3.7 Fighting
 * Level 3.8 Dodging
 + Level 3.5 Stealth
 * Level 3.8 Unarmed Combat


You had 3 spell levels left.
You didn't know any spells.
Your spell library was empty.

Dungeon Overview and Level Annotations

Branches:
Dungeon (2/15)

Altars:


Innate Abilities, Weirdness & Mutations

You cannot wear most types of armour.
You are very stealthy in the water. (Stealth+)
You are amphibious.
You can wear up to eight rings at the same time.
You can use your tentacles to constrict eight enemies at once.
Your skin changes colour to match your surroundings (Stealth+).
Your rubbery body absorbs attacks. (AC +1, EV +1)


Message History

The gnoll is moderately wounded.
You constrict the gnoll. The gnoll closely misses you.
You tentacle-slap the gnoll.
The gnoll is severely wounded.
You constrict the gnoll. The gnoll hits you but does no damage.
You tentacle-slap the gnoll. You squeeze the gnoll.
You kill the gnoll!
You tentacle-slap the gnoll. Your grab misses the gnoll.
The gnoll is heavily wounded.
The gnoll hits you with a whip.
You tentacle-slap the gnoll but do no damage.
Your grab misses the gnoll.
The gnoll is heavily wounded.
You tentacle-slap the gnoll. Your grab misses the gnoll.
The gnoll is heavily wounded.
The gnoll hits you with a whip!
You closely miss the gnoll. Your grab misses the gnoll.
The gnoll is heavily wounded.
The gnoll hits you with a whip!
You die...

#.# .. #.#####รท.# #.
#.####...#.# #.### ##)
#.##..)#...#####.###...####..
#.##.#...#................)..
#.##.##.#####.######...#####.
#.##.##.# #.....# # ## #.
#.##.##.# #g###.####.# #.
#####.##.##.# #g# #.)....#
###. .........##.####@###.###
#... ####.................#
#.## #.#...##.#####..### #.#
#.#.............# #.#
#.#...##.#####..# #.#
####.######........# #.#
...#.##..^........## #.#
##.#.##.########..# #.#
##.#.##.# #..# #.#


You could see 2 gnolls.

Vanquished Creatures
  Terence (D:2)
  2 gnolls (D:2)
  2 adders (D:2)
  3 dart slugs (D:1)
  A leopard gecko (D:2)
  A ball python (D:2)
  3 giant cockroaches (D:1)
  2 goblins (D:1)
  5 hobgoblins
  2 jackals (D:1)
  A quokka (D:2)
  4 bats (D:1)
  2 frilled lizards (D:2)
  5 rats (D:1)
34 creatures vanquished.

Notes
Turn   | Place    | Note
-------+----------+-------------------------------------------
     0 | D:1      | HallandMoats the Octopode Monk began the quest for the Orb.
     0 | D:1      | Reached XP level 1. HP: 16/16 MP: 1/1
    30 | D:1      | Reached XP level 2. HP: 21/21 MP: 2/2
   581 | D:1      | Reached XP level 3. HP: 26/26 MP: 3/3
  1539 | D:2      | Noticed Terence
  1547 | D:2      | Killed Terence
  1547 | D:2      | Reached XP level 4. HP: 16/31 MP: 4/4
  1853 | D:2      | Slain by a gnoll

Skill      XL: |  1  2  3 |
---------------+----------+-----
Stealth        | 3 |  3.5
Fighting       | |  3.7
Dodging        | |  3.8
Unarmed Combat | |  3.8

Action                   |  1- 3 |  4- 6 || total
-------------------------+-------+-------++-------
Melee: Unarmed           |    62 |    23 ||    85
       Constrict         |    17 |     6 ||    23
       Tentacles         |    14 |     6 ||    20
       Punch             |     1 |     1 ||     2
  Use: Scroll            |     3 |       ||     3
 Stab: Sleeping          |    14 |     1 ||    15
  Eat: Chunk             |     1 |     6 ||     7
Armor: Skin              |     2 |     1 ||     3
Dodge: Dodged            |    32 |    17 ||    49
